 Dungeon Crawl Stone Soup version bcrawl-1.13.1-9-ga81ed0b431 (webtiles) character file.

Game seed: 3875869379982546730

125 Revguard the Ducker (level 4, -6/33 HPs)
             Began as a Demonspawn Archaeologist on Aug 8, 2019.
             Killed from afar by an orc wizard (8 damage)
             ... with a puff of flame
             ... on level 4 of the Dungeon.
             The game lasted 00:06:04 (2530 turns).

Revguard the Ducker (Demonspawn Archaeologist)      Turns: 2530, Time: 00:06:04

Health: -6/33      AC:  8    Str: 12      XL:     4   Next: 82%
Magic:  5/5        EV: 13    Int: 14 (15) God:
Gold:   292        SH:  0    Dex: 10      Spells: 3/3 levels left

rFire    . . .     SeeInvis .   l - +0 hand axe
rCold    . . .     Gourm    .   (no shield)
rNeg     . . .     Faith    .   r - +0 ring mail
rPois    .         Spirit   .   c - +1 hat
rElec    +         Reflect  .   n - scarf {buggy}
rCorr    .         Harm     .   (no gloves)
MR       .....                  d - +1 pair of boots
Stlth    +.........             (no amulet)
HPRegen  0.11/turn              o - ring of insulation
MPRegen  0.09/turn              (no ring)

@: studying Axes
A: horns 1, repulsion field 1, clumsy 1, deterioration 1, MP-powered wands
a: no special abilities


You were on level 4 of the Dungeon.
You were not hungry.

You visited 1 branch of the dungeon, and saw 4 of its levels.

You collected 292 gold pieces.

Inventory:

Hand Weapons
 a - a +0 whip
 l - a +0 hand axe (weapon)
Armour
 b - a +1 robe
 c - a +1 hat (worn)
 d - a +1 pair of boots (worn)
 n - a scarf of stasis (worn)
 r - a +0 ring mail (worn)
Jewellery
 o - a ring of insulation (left hand)
Scrolls
 i - 2 scrolls of identify
 m - a scroll of magic mapping {unknown}
 q - a scroll of enchant armour {unknown}
Potions
 h - a potion of curing
 k - a potion of resistance
Books
 e - a manual of Axes
Miscellaneous
 f - an ancient crate
Comestibles
 g - 2 rations {!d}


   Skills:
 * Level 2.0 Fighting
 * Level 2.0(2.2) Axes
 - Level 1.2(1.8) Maces & Flails
 * Level 1.3 Armour
 + Level 3.4 Dodging
 - Level 3.0 Stealth
 * Level 1.9 Evocations


You had 3 spell levels left.
You didn't know any spells.
Your spell library was empty.

Dungeon Overview and Level Annotations

Branches:
Dungeon (4/12)
 Temple: D:4-7

Altars:
Dithmenos
Fedhas
Qazlal

Annotations:
D:2 1 exclusion


Innate Abilities, Weirdness & Mutations

You have a pair of small horns on your head.
You are surrounded by a mild repulsion field. (EV +2)
You are clumsy. (Dex -2)
Your body sometimes deteriorates upon taking damage.
You expend magic power (3 MP) to strengthen your wands.


Message History

Your body deteriorates!
You feel dopey. The orc wizard closely misses you.
You closely miss the orc wizard.
The orc wizard is moderately wounded.
The orc wizard barely misses you.
You completely miss the orc wizard.
You headbutt the orc wizard, but do no damage.
The orc wizard is moderately wounded.
The orc wizard casts a spell at you. The puff of flame hits you!
* * * LOW HITPOINT WARNING * * *
The orc wizard closely misses you.
You hit the orc wizard. Your headbutt misses the orc wizard.
The orc wizard is severely wounded.
The orc wizard casts a spell at you. The puff of frost hits you!
* * * LOW HITPOINT WARNING * * *
The orc wizard gestures at you while chanting.
The puff of flame hits you!
You die...

## ####.#### #.##....
#@##..# ### ###o##..#
#.# #.#o#...#
##.####.#Oo...#
#.............#######
##.####.#.#...>......
#.# #.........####
#<# #.#.#......# ###
#.#.#......#


You could see an ogre, an orc wizard and 2 orcs.

Vanquished Creatures
  A worker ant (D:3)
  4 adders
  A worm (D:2)
  2 dart slugs
  3 leopard geckos (D:2)
  2 orcs (D:3)
  A giant cockroach (D:3)
  6 goblins
  11 hobgoblins
  3 ball pythons
  5 bats (D:2)
  3 frilled lizards
  9 kobolds
  6 rats
57 creatures vanquished.

Notes
Turn   | Place    | Note
-------+----------+-------------------------------------------
     0 | D:1      | Revguard the Demonspawn Archaeologist began the quest for
                  | the Orb.
     0 | D:1      | Reached XP level 1. HP: 15/15 MP: 1/1
   131 | D:1      | Reached skill level 1 in Maces & Flails
   168 | D:1      | Gained mutation: You have a pair of small horns on your
                  | head. [demonic ancestry]
   168 | D:1      | Reached XP level 2. HP: 16/21 MP: 2/2
   512 | D:2      | Reached skill level 1 in Evocations
   585 | D:2      | Gained mutation: You are surrounded by a mild repulsion
                  | field. (EV +2) [demonic ancestry]
   585 | D:2      | Reached XP level 3. HP: 21/26 MP: 3/3
   787 | D:2      | Found a shadowy altar of Dithmenos.
  1588 | D:3      | Reached skill level 1 in Axes
  1588 | D:3      | Reached skill level 1 in Armour
  1588 | D:3      | Reached XP level 4. HP: 18/33 MP: 5/5
  1972 | D:3      | Gained mutation: Your body sometimes deteriorates upon
                  | taking damage. [potion of mutation]
  1972 | D:3      | Gained mutation: You are clumsy. (Dex -2) [potion of
                  | mutation]
  1972 | D:3      | Gained mutation: You expend magic power (3 MP) to
                  | strengthen your wands. [potion of mutation]
  2320 | D:3      | Found a blossoming altar of Fedhas.
  2455 | D:3      | Found a stormy altar of Qazlal.
  2510 | D:4      | Noticed an ogre
  2530 | D:4      | Killed from afar by an orc wizard

Skill      XL: |  1  2  3  4 |
---------------+-------------+-----
Maces & Flails | 1 |  1.2
Dodging        | 3 |  3.4
Evocations     | 1 |  1.9
Axes           | 1 2 |  2.0
Armour         | 1 |  1.3
Fighting       | 2 |  2.0
Stealth        | |  3.0

Action                   |  1- 3 |  4- 6 || total
-------------------------+-------+-------++-------
Melee: Whip              |   121 |       ||   121
       Headbutt          |    16 |     6 ||    22
       Hand axe          |    19 |    68 ||    87
  Use: Scroll            |       |     5 ||     5
       Potion            |       |     3 ||     3
 Stab: Sleeping          |     9 |     1 ||    10
  Eat: Chunk             |     2 |     3 ||     5
Armor: Robe              |    49 |    13 ||    62
       Ring mail         |       |     6 ||     6
Dodge: Dodged            |    94 |    67 ||   161
